 Dungeon Crawl Stone Soup version 0.27-a0-819-g058290f16d (webtiles) character file.

Game seed: 1260756303023520984

2092 polve the Conjurer (level 9, 0/66 HPs)
             Began as a Demonspawn Abyssal Knight on Mar 29, 2021.
             Was a Priest of Lugonu.
             Slain by a troll (13 damage)
             ... on level 8 of the Dungeon.
             The game lasted 00:10:34 (11621 turns).

polve the Conjurer (Demonspawn Abyssal Knight)     Turns: 11621, Time: 00:10:35

Health: 0/66       AC:  5    Str: 18    XL:     9   Next: 6%
Magic:  8/10       EV: 17    Int: 25    God:    Lugonu [***...]
Gold:   435        SH:  0    Dex: 13    Spells: 4/8 levels left

rFire    . . .     SeeInvis .   i - +5 great sword (freeze)
rCold    . . .     Faith    .   (shield currently unavailable)
rNeg     . . .     Spirit   .   h - +0 ring mail
rPois    .         Reflect  .   (no helmet)
rElec    .         Harm     .   (no cloak)
rCorr    .         Rampage  .   (no gloves)
Will     .....                  (no boots)
Stlth    ..........             (no amulet)
HPRegen  0.21/turn              o - +6 ring of intelligence
MPRegen  0.12/turn              p - +6 ring of strength

@: agile
A: hooves 1, powered by pain 1, big brain 1
a: Renounce Religion, Depart the Abyss, Bend Space, Banish


You were on level 8 of the Dungeon.
You worshipped Lugonu.
Lugonu was most pleased with you.
You visited 1 branch of the dungeon, and saw 8 of its levels.
You visited the Abyss 1 time.

You collected 435 gold pieces.

Inventory:

Hand Weapons
 g - a +3 short sword of speed
 i - a +5 great sword of freezing (weapon)
Armour
 h - a +0 ring mail (worn)
Jewellery
 m - a ring of protection from fire
 o - a +6 ring of intelligence (left hand)
 p - a +6 ring of strength (right hand)
Wands
 a - a wand of random effects (15)
 w - a wand of polymorph (6)
Scrolls
 b - a scroll of enchant weapon {unknown}
 c - 3 scrolls of teleportation
 l - a scroll of summoning
 n - a scroll of magic mapping
 r - 2 scrolls of fog {unknown}
 u - a scroll of enchant armour {unknown}
 v - 2 scrolls of blinking {unknown}
 x - a scroll of fear {unknown}
 y - 2 scrolls of identify
Potions
 e - 2 potions of brilliance
 f - 2 potions of curing
 k - a potion of mutation
 q - a potion of berserk rage {unknown}
 s - a potion of flight {unknown}
 t - a potion of degeneration {unknown}


   Skills:
 - Level 4.7 Fighting
 - Level 4.6 Long Blades
 - Level 3.7 Armour
 - Level 3.3 Dodging
 - Level 5.6 Conjurations
 - Level 4.0 Air Magic
 + Level 4.5 Poison Magic
 - Level 2.4 Invocations


You had 4 spell levels left.
You knew the following spells:

 Your Spells              Type           Power      Damage    Failure   Level
a - Magic Dart            Conj           100%       1d8       2%          1
b - Mephitic Cloud        Conj/Pois/Air  23%        N/A       11%         3

Your spell library contained the following spells:

 Spells                   Type           Power      Damage    Failure   Level
 Conjure Flame            Conj/Fire      14%        6-21      22%         3
 Dazzling Flash           Conj/Hex       28%        N/A       22%         3
 Animate Skeleton         Necr           0%         N/A       24%         1
 Corona                   Hex            0%         N/A       24%         1
 Freeze                   Ice            0%         1d3       24%         1
 Pain                     Necr           0%         1d4       24%         1
 Blink                    Tloc           N/A        N/A       34%         2
 Call Imp                 Summ           0%         N/A       34%         2
 Ensorcelled Hibernation  Hex/Ice        0%         N/A       34%         2
 Slow                     Hex            0%         N/A       34%         2
 Confusing Touch          Hex            0%         N/A       56%         3
 Frozen Ramparts          Ice            0%         1d2       56%         3
 Ozocubu's Armour         Ice            0%         N/A       56%         3
 Tukima's Dance           Hex            0%         N/A       56%         3
 Vampiric Draining        Necr           0%         2d6       56%         3
 Hailstorm                Conj/Ice       14%        3d5       58%         4
 Animate Dead             Necr           0%         N/A       93%         4
 Summon Ice Beast         Ice/Summ       0%         N/A       93%         4
 Agony                    Necr           0%         N/A       100%        5


Dungeon Overview and Level Annotations

Branches:
Dungeon (8/15)             Temple (0/1) D:6
   Lair: D:8-11

Altars:
Ashenzari
Trog

Shops:
D:4 ?   D:6 =


Innate Abilities, Weirdness & Mutations

You have large cloven feet.
You sometimes gain a little power by taking damage.
You have an unusually large brain. (Int +2)


Message History

The troll shouts!
The magic dart hits the troll but does no damage.
No target in view!
Your magical contamination has completely faded away.
Okay, then.
The magic dart hits the troll.
The troll is lightly wounded.
The magic dart hits the troll but does no damage.
The magic dart hits the troll!
The troll is moderately wounded.
The troll closely misses you. x2; The troll claws you.
The orc wizard shouts!
The orc wizard points at itself and mumbles some strange words.
The orc wizard flickers and vanishes!
Deactivating autopickup; reactivate with Ctrl-A.
A magic dart appears from out of thin air!
The magic dart hits you but does no damage.
Something hits you but does no damage.
You slice something!! You freeze something. Lugonu accepts your kill.
Reactivating autopickup.
You feel a bit more experienced. The troll bites you. The troll claws you.
The troll barely misses you.
The gnoll throws a throwing net.
The throwing net hits you.
You become entangled in the net!
You see here a throwing net.
You tear a large gash into the net.
The gnoll shouts!
The troll bites you. The troll claws you. The troll barely misses you.
The gnoll sergeant hits you with a +0 long sword.
You struggle against the net.
The troll bites you. The troll claws you! The troll barely misses you.
The gnoll sergeant barely misses you.
You struggle against the net.
The troll bites you! The troll claws you. x2
The gnoll sergeant hits you with a +0 long sword!
* * * LOW HITPOINT WARNING * * *
You focus on the pain.
You feel agile all of a sudden.
You shred the net and break free! The troll closely misses you.
The troll completely misses you. The troll claws you!
You die...

### ..# #.......# #.# #.#
#.......# #.# #.# #.......# #.#
###### #.# #.......# #.# #....)
#.# #.......# #.# #....) #.#
#.......# #.# #.....
.####.######.....#####.#####.....
............g..T@)รท...)..........
.####.##.......g.####[.#####.####
.####.##.###..g..# #..# #.#
.................# #<.# #..
.####g##.##.##.....##..# ####
#.##+##. #.....##..# ... .#
#.....##..# .... .. ......##..#
โ‰ˆโ‰ˆโ‰ˆ..... #......##..#


You could see a troll, a gnoll sergeant and 2 gnolls.

Vanquished Creatures
  Joseph (D:7)
  Prince Ribbit (D:7)
  An ice beast (D:7)
  A black bear (D:6)
  2 necrophages
  2 centaurs
  An ogre (D:5)
  A kobold brigand (D:5)
  A wyvern zombie (D:6)
  A scorpion (D:6)
  6 wights (D:7)
  2 howler monkeys
  A bullfrog zombie (D:6)
  A centaur zombie (D:7)
  2 centaur skeletons
  An iguana (D:4)
  7 orc wizards
  A killer bee zombie (D:6)
  2 howler monkey zombies
  A gnoll (D:8)
  3 adders
  A white imp (D:6)
  5 worms
  2 dart slugs
  10 orcs
  11 endoplasms
  A giant cockroach (D:2)
  6 goblins
  7 hobgoblins
  A quokka (D:1)
  6 ball pythons
  5 bats
  4 frilled lizards
  29 kobolds
  9 rats
136 creatures vanquished.

Vanquished Creatures (others)
  51 plants (D:5)
51 creatures vanquished.

Grand Total: 187 creatures vanquished

Notes
Turn   | Place    | Note
-------+----------+-------------------------------------------
     0 | Abyss:1  | polve the Demonspawn Abyssal Knight began the quest for the
                  | Orb.
     0 | Abyss:1  | Reached XP level 1. HP: 18/18 MP: 2/2
    90 | Abyss:1  | Noticed a demonic crawler
    91 | D:1      | Escaped the Abyss
   470 | D:1      | Reached * piety under Lugonu
   488 | D:1      | Gained mutation: You have large cloven feet. [demonic
                  | ancestry]
   488 | D:1      | Reached XP level 2. HP: 8/24 MP: 3/3
  1791 | D:1      | Reached XP level 3. HP: 29/29 MP: 4/4
  2392 | D:2      | Reached ** piety under Lugonu
  2917 | D:2      | Found a broken altar of Ashenzari.
  3124 | D:3      | Reached XP level 4. HP: 35/35 MP: 5/5
  3432 | D:3      | Found a faded altar of an unknown god.
  4032 | D:3      | Learned a level 1 spell: Magic Dart
  4066 | D:4      | Reached skill level 1 in Conjurations
  4066 | D:4      | Gained mutation: You have an unusually large brain. (Int
                  | +2) [demonic ancestry]
  4066 | D:4      | Reached XP level 5. HP: 23/41 MP: 6/6
  4401 | D:4      | Found a bloodstained altar of Trog.
  4560 | D:4      | Found Ufrygolu's Magic Scroll Shoppe.
  4604 | D:4      | Reached skill level 2 in Conjurations
  5131 | D:5      | Entered Level 5 of the Dungeon
  5282 | D:5      | Noticed an ogre
  5308 | D:5      | Killed an ogre
  5308 | D:5      | Reached *** piety under Lugonu
  5309 | D:5      | Reached skill level 3 in Conjurations
  5309 | D:5      | Reached XP level 6. HP: 9/47 MP: 3/7
  5908 | D:5      | Reached skill level 4 in Conjurations
  6312 | D:5      | Reached skill level 5 in Conjurations
  6885 | D:5      | Reached XP level 7. HP: 24/52 MP: 6/8
  7413 | D:6      | Reached skill level 1 in Dodging
  7666 | D:6      | Found Wofuim's Jewellery Boutique.
  8404 | D:6      | Reached XP level 8. HP: 39/61 MP: 3/9
  8836 | D:6      | Found a staircase to the Ecumenical Temple.
  9467 | D:7      | Learned a level 3 spell: Mephitic Cloud
  9595 | D:7      | Reached skill level 1 in Air Magic
  9595 | D:7      | Reached skill level 1 in Poison Magic
  9696 | D:7      | Noticed Prince Ribbit
  9705 | D:7      | Killed Prince Ribbit
  9953 | D:7      | Noticed Joseph
  9962 | D:7      | Killed Joseph
 10324 | D:7      | Found Moicetielyg's Book Shoppe.
 11161 | D:8      | Gained mutation: You sometimes gain a little power by
                  | taking damage. [demonic ancestry]
 11161 | D:8      | Reached XP level 9. HP: 64/64 MP: 10/10
 11594 | D:8      | Noticed a troll
 11621 | D:8      | Slain by a troll

Illustrated notes

Levels and vault maps discovered:
D:1:      dpeg_arrival_round_a, layout_basic
D:2:      layout_loops_cross, ashenzari_conservatory_becter
D:3:      cheibrodos_helix_gallery, layout_basic,
          chequers_ecumenical_altar_simple_redux
D:4:      layout_loops_ring, serial_shops, shop, kennysheep_big_empty_room,
          minmay_misc_feat_five, serial_park_tiny_2, bloody_trog
D:5:      kennysheep_kobold_camp, layout_basic
D:6:      layout_rooms, lemuel_temple_firewalk_b, serial_shops, shop,
          grunt_ministairs_2, hex_intersection
D:7:      layout_basic, serial_shops, shop, uniq_joseph, uniq_prince_ribbit1
D:8:      layout_basic, nemelex_diamond_rough_becter

Skill      XL: |  1  2  3  4  5  6  7  8  9 |
---------------+----------------------------+-----
Long Blades    | 2 3 4 |  4.6
Conjurations   | 1 3 5 |  5.6
Dodging        | 2 3 |  3.3
Armour         | 3 |  3.7
Fighting       | 4 |  4.7
Air Magic      | 3 4 |  4.0
Poison Magic   | 4 |  4.5
Invocations    | |  2.4

Action                   |  1- 3 |  4- 6 |  7- 9 || total
-------------------------+-------+-------+-------++-------
Melee: Falchion          |    62 |       |       ||    62
       Kick              |    20 |    30 |    48 ||    98
       Short sword       |    83 |   170 |    99 ||   352
       Great sword       |       |       |    39 ||    39
 Cast: Magic Dart        |       |    29 |    69 ||    98
Invok: Depart the Abyss  |     1 |       |       ||     1
  Use: Potion            |     1 |     1 |     2 ||     4
       Scroll            |     1 |       |     6 ||     7
Armor: Leather armour    |    12 |       |       ||    12
       Ring mail         |    20 |    38 |    33 ||    91
Dodge: Dodged            |    58 |    69 |    89 ||   216
       Rpst.: Falchion   |     8 |       |       ||     8
       Great sword       |       |       |    13 ||    13

Table legend: (Time is in decaauts)
 A = Elapsed time spent in this place.
 B = Non-inter-level travel time spent in this place.
 C = Inter-level travel time spent in this place.
 D = Time resting spent in this place.
 E = Time spent auto-exploring this place.
 F = Levels seen in this place.
 G = Mean time per level.
                   A        B        C        D        E       F      G
               +--------+--------+--------+--------+--------+-----+--------+
         Total |  11528 |  11013 |    515 |      0 |   9999 |   9 | 1280.9 |
       Dungeon |  11437 |  10922 |    515 |      0 |   9912 |   8 | 1429.6 |
         Abyss |     91 |     91 |      0 |      0 |     87 |   1 |   91.0 |
               +--------+--------+--------+--------+--------+-----+--------+

Top non-repeatable levels by time:
     D:5: 2558 daAuts
     D:7: 2211 daAuts
     D:1: 1850 daAuts
     D:6: 1507 daAuts
     D:2: 1106 daAuts
     D:4: 1062 daAuts
     D:3: 969 daAuts
     D:8: 171 daAuts
 Abyss:1: 91 daAuts
